 Dungeon Crawl Stone Soup version 0.30-a0-586-g23e55c9e0a (webtiles) character file.

Game seed: 18065653518842162194

291791 spardeous the Intangible (level 19, -15/148 HPs)
             Began as a Felid Earth Elementalist on Jan 3, 2023.
             Was an Initiate of Gozag.
             Killed from afar by a deep troll earth mage (34 damage)
             ... with a blast of metal fragments
             ... on level 5 of the Vaults on Jan 4, 2023.
             The game lasted 03:27:11 (62869 turns).

spardeous the Intangible (FeEE)                    Turns: 62869, Time: 03:27:11

Health: -15/148    AC: 29    Str: 10    XL:     19   Next: 97%
Magic:  32/34      EV: 42    Int: 24    God:    Gozag
Gold:   239        SH:  0    Dex: 20    Spells: 2/39 levels left
                                        Lives:  0   Deaths: 6

rFire   + . .      SeeInvis +      - Unarmed
rCold   . . .      Faith    .    (shield unavailable)
rNeg    + . .      Spirit   .    (body armour unavailable)
rPois   ∞          Reflect  .    (helmet unavailable)
rElec   +          Harm     .    (cloak unavailable)
rCorr   .          Rampage  .    (gloves unavailable)
Will    ++...                    (boots unavailable)
Stlth   +++                      P - amulet of Vitality {RegenMP++ Regen++}
HPRegen 2.84/turn                k - ring of protection from fire
MPRegen 1.04/turn                x - ring of the Mutiny {rElec Str+6 SInv}

@: statue-form, marked, gold aura, freezing walls, hasted
A: slow and powerful, torment resistance 1, boosted hp, very small, claws 1,
fangs 3, see invisible, (speed 1), (shaggy fur 3), stealthy paws, no weapons or
thrown items, no armour, multi-lived, antennae 1, regeneration 1, robust 2
}: 2/15 runes: serpentine, barnacled
a: End Transformation, Renounce Religion, Potion Petition, Call Merchant, Bribe
Branch


You were on level 5 of the Vaults.
You worshipped Gozag.
Gozag was aware of your devotion.
You were a living statue of rough stone.
You visited 11 branches of the dungeon, and saw 45 of its levels.
You visited 1 bazaar.
You also visited: Ice Cave.

You collected 21934 gold pieces.
You spent 3956 gold pieces at shops.
You paid 17739 gold pieces to Gozag.

Inventory:

Jewellery
 f - a ring of protection from cold
 k - a ring of protection from fire (left paw)
 r - a +5 ring of evasion
 t - a ring of protection from cold
 x - the ring of the Mutiny (right paw) {rElec Str+6 SInv}
   (You took it off an orc high priest on level 3 of the Elven Halls)

   [ring of strength]

   Str:       It affects your strength (+6).
   rElec:     It insulates you from electricity.
   SInv:      It lets you see invisible.
 z - the ring of Ugyink {Fly rElec rF- rCorr Dex+2}
   (You bought it in a shop on level 1 of the Lair of Beasts)

   [ring of flight]

   Dex:       It affects your dexterity (+2).
   rF:        It makes you vulnerable to fire.
   rElec:     It insulates you from electricity.
   Fly:       It grants you flight.
   rCorr:     It protects you from acid and corrosion.
 P - the amulet of Vitality (around neck) {RegenMP++ Regen++}
   (You bought it in a shop on level 1 of the Lair of Beasts)

   [amulet of magic regeneration]

   It increases your rate of magic regeneration.
   Regen:     It increases your rate of health regeneration.
 V - a +5 ring of evasion
 Y - the ring "Ehiy" {Wiz rF- Str+3 SInv}
   (You found it on level 3 of the Shoals)

   [ring of wizardry]

   It improves your spell success rate.
   Str:       It affects your strength (+3).
   rF:        It makes you vulnerable to fire.
   SInv:      It lets you see invisible.
Wands
 j - a wand of flame (23)
 q - a wand of acid (8)
 E - a wand of digging (13)
 G - a wand of mindburst (18)
 I - a wand of iceblast (28)
 U - a wand of polymorph (8)
 X - a wand of charming (38)
Scrolls
 b - 9 scrolls of vulnerability
 c - 5 scrolls of teleportation
 g - 2 scrolls of magic mapping
 i - 8 scrolls of fear
 l - 11 scrolls of fog
 m - 18 scrolls of identify
 u - 6 scrolls of noise
 C - 5 scrolls of torment
 D - 6 scrolls of poison
 H - 6 scrolls of immolation
 L - 6 scrolls of amnesia
 Q - 3 scrolls of butterflies
 Z - 6 scrolls of silence
Potions
 a - 2 potions of magic
 d - 8 potions of attraction
 e - 9 potions of mutation
 h - 4 potions of berserk rage
 o - 9 potions of flight
 v - 6 potions of brilliance
 A - 3 potions of cancellation
 B - 11 potions of lignification
 K - 3 potions of might
 R - 2 potions of resistance
 T - 6 potions of ambrosia
Miscellaneous
 n - a lightning rod (4/4)
 s - a tin of tremorstones (2/2)
 w - a box of beasts
 y - a phial of floods
 F - a piece from Xom's chessboard (15/15)
 S - a condenser vane
 W - a box of beasts


   Skills:
 - Level 16.7 Fighting
 O Level 27 Dodging
 - Level 5.1 Stealth
 - Level 19.2 Unarmed Combat
 - Level 10.9 Spellcasting
 - Level 10.1 Conjurations
 - Level 18.1 Transmutations
 + Level 3.1 Ice Magic
 - Level 17.6 Earth Magic
 - Level 0.9 Evocations


You had 2 spell levels left.
You knew the following spells:

 Your Spells              Type           Power      Damage    Failure   Level
b - Stone Arrow           Conj/Erth      100%       3d13      1%          3
c - Petrify               Tmut/Erth      78%        N/A       1%          4
d - Iron Shot             Conj/Erth      34%        9d7       2%          6
e - Dragon Form           Tmut           39%        N/A       2%          7
f - Frozen Ramparts       Ice            56%        1d9       4%          3
g - Swiftness             Air            13%        N/A       14%         3
h - Statue Form           Tmut/Erth      52%        N/A       1%          6
i - Iskenderun's Battles  Conj           58%        2d11      1%          5

Your spell library contained the following spells:

 Spells                   Type           Power      Damage    Failure   Level
 Sandblast                Erth           100%       2d20      0%          1
 Passwall                 Tmut/Erth      65%        N/A       0%          2
 Foxfire                  Conj/Fire      100%       2x1d9     1%          1
 Freeze                   Ice            100%       1d10      1%          1
 Kiss of Death            Conj/Necr      100%       2d13      1%          1
 Magic Dart               Conj           100%       1d8       1%          1
 Shock                    Conj/Air       100%       1d9       1%          1
 Ensorcelled Hibernation  Hex/Ice        40%        N/A       3%          2
 Apportation              Tloc           26%        N/A       4%          1
 Necrotise                Necr           52%        1d6       4%          1
 Summon Small Mammal      Summ           52%        N/A       4%          1
 Blink                    Tloc           26%        N/A       8%          2
 Call Imp                 Summ           13%        N/A       8%          2
 Cigotuvi's Dreadful Rot  Necr/Pois/Air  26%        N/A       8%          2
 Dazzling Flash           Conj/Hex       74%        N/A       1%          3
 Hailstorm                Conj/Ice       45%        3d10      1%          3
 Spider Form              Tmut/Pois      54%        N/A       1%          3
 Ice Form                 Ice/Tmut       59%        N/A       1%          4
 Leda's Liquefaction      Hex/Erth       26%        N/A       1%          4
 Blade Hands              Tmut           39%        N/A       1%          5
 Irradiate                Conj/Tmut      34%        3d23      1%          5
 Mephitic Cloud           Conj/Pois/Air  29%        N/A       3%          3
 Yara's Violent Unravell  Hex/Tmut       27%        3d12      3%          5
 Ozocubu's Armour         Ice            28%        N/A       4%          3
 Flame Wave               Conj/Fire      37%        2d10      6%          4
 Fulminant Prism          Conj/Hex       18%        3d11      6%          4
 Iskenderun's Mystic Bla  Conj/Tloc      37%        2d9       6%          4
 Sticky Flame             Conj/Fire      37%        2d6       6%          4
 Call Canine Familiar     Summ           13%        N/A       14%         3
 Gell's Gravitas          Tloc           13%        N/A       14%         3
 Inner Flame              Hex/Fire       13%        N/A       14%         3
 Lesser Beckoning         Tloc           26%        N/A       14%         3
 Summon Guardian Golem    Hex/Summ       13%        N/A       14%         3
 Teleport Other           Tloc           13%        N/A       14%         3
 Tukima's Dance           Hex            13%        N/A       14%         3
 Fireball                 Conj/Fire      18%        3d9       17%         5
 Summon Ice Beast         Ice/Summ       20%        N/A       26%         4
 Airstrike                Air            6%         2d(1-17)  43%         4
 Anguish                  Hex/Necr       6%         N/A       43%         4
 Cause Fear               Hex            6%         N/A       43%         4
 Dispel Undead            Necr           13%        3d9       43%         4
 Passage of Golubria      Tloc           13%        N/A       43%         4
 Orb of Destruction       Conj           29%        9d9       54%         7
 Metabolic Englaciation   Hex/Ice        10%        N/A       56%         5
 Conjure Ball Lightning   Conj/Air       18%        3x3d6     67%         6
 Starburst                Conj/Fire      18%        6d7       67%         6
 Lehudib's Crystal Spear  Conj/Erth      34%        10d9      71%         8
 Summon Forest            Summ/Tloc      6%         N/A       80%         5
 Shatter                  Erth           39%        3d31*     98%         9
 Spellforged Servitor     Conj/Summ      18%        N/A       99%         7
 Death Channel            Necr           6%         N/A       100%        6
 Haunt                    Necr/Summ      6%         N/A       100%        7
 Infestation              Necr           6%         N/A       100%        8
 Chain Lightning          Conj/Air       18%        3d24      100%        9
 Dragon's Call            Summ           6%         N/A       100%        9
 Fire Storm               Conj/Fire      18%        8d5       100%        9
 Animate Armour           Summ/Erth      Unusable   N/A       N/A         4
 Portal Projectile        Hex/Tloc       Unusable   N/A       N/A         3
 Animate Dead             Necr           Unusable   N/A       N/A         4
 Simulacrum               Ice/Necr       Unusable   N/A       N/A         6

Dungeon Overview and Level Annotations

Branches:
Dungeon (15/15)            Temple (1/1) D:5            Lair (5/5) D:9
 Shoals (4/4) Lair:2        Snake (4/4) Lair:2        Slime (1/5) Lair:5
    Orc (2/2) D:12            Elf (3/3) Orc:2        Vaults (5/5) D:13
  Crypt (0/3) Vaults:3     Depths (4/4) D:15           Hell (visited)
    Dis (0/7) Hell            Geh (0/7) Hell            Coc (0/7) Hell
    Tar (0/7) Hell            Zot (0/5) Depths:4      IceCv (visited)

Altars:
Ashenzari
Cheibriados
Dithmenos
Elyvilon
Fedhas
Gozag
Hepliaklqana
Kikubaaqudgha
Makhleb
Nemelex Xobeh
Okawaru
Qazlal
Ru
Sif Muna
Trog
Uskayaw
Vehumet
Wu Jian
Xom
Yredelemnul
Zin
The Shining One
Jiyva

Shops:
D:4 :   D:15 !   Orc:1 (   Orc:2 ([!=   Elf:3 [   Lair:1 =!=!*====:*
Shoals:2 **([   Snake:1 (   Snake:3 :!**   Vaults:4 !   Depths:4 *(?

Portals:
Hell: Lair:5 Depths:1 Depths:2 Depths:3 Depths:4
Abyss: Depths:1 Depths:3
Pandemonium: Depths:2 Depths:3
Ziggurat: Depths:2

Annotations:
D:7 Joseph
Vaults:3 5 transporters


Innate Abilities, Weirdness & Mutations

You are a living statue of rough stone.
Your actions are slow, but your melee attacks are powerful.
You are resistant to unholy torment.
Your maximum health is greatly increased.
You are immune to poison.
You have sharp claws.
You have razor-sharp teeth.
You have supernaturally acute eyesight. (SInv)
((You cover ground quickly. (Speed+)))
((Your thick and shaggy fur keeps you warm. (AC +3, rC+)))
Your paws help you pounce on unaware monsters.
You are incapable of wielding weapons or throwing items.
You cannot wear armour.
You gain extra lives every three experience levels.
You have a pair of small antennae on your head.
Your natural rate of healing is unusually fast.
You are very robust. (+20% HP)


Message History

Okay, then. [a] - 390 gold - haste and heal wounds [b] - 644 gold - heal wounds, curing, berserk rage and resistance [c] - 650 gold - heal wounds, magic, invisibility and might Purchase which effect?
You no longer have enough gold to petition Gozag for potion effects.
You feel yourself speed up.
You feel much better.
The wall freezes the vault sentinel.
The vault sentinel points at you and mumbles some strange words.
You resist with significant effort.
The wall freezes the deep troll earth mage but does no damage.
The wall freezes the deep troll earth mage.
The deep troll earth mage casts a spell next to you.
The metal wall shatters!
The blast of metal fragments hits you!!
* * * LOW HITPOINT WARNING * * *
The wall freezes the vault sentinel but does no damage.
The vault sentinel blows a loud note on a signal horn!
You hear a shout!
You feel better.
The wall freezes the vault sentinel but does no damage.
The wall freezes the orc knight.
The orc knight roars a battlecry!
The wall freezes the deep troll earth mage but does no damage.
The deep troll earth mage completely misses you.
The deep troll earth mage closely misses you.
The deep troll earth mage misses you.
You mangle the deep troll earth mage!! You claw the deep troll earth mage!!
The deep troll earth mage is almost dead.
The frozen ramparts melt away.
Casting: Frozen Ramparts (mildly dangerous; 4% risk of failure)
Confirm with . or Enter, or press ? or * to list all spells.
Casting: Frozen Ramparts (mildly dangerous; 4% risk of failure)
Press: ? - help, Dir - look around, f - activate The walls around you are covered in ice.
The wall freezes the vault sentinel but does no damage.
The wall freezes the deep troll earth mage but does no damage.
The deep troll earth mage casts a spell next to you.
The metal wall shatters!
The blast of metal fragments hits you!!
You die...
Your body crumbles into a pile of gold.

.#######
#####.p....p.#
...# . #.#
....pppp...
.#.# #. #..
#.W.#.pp.#.. #
.# #.#.#
#.#.#....# .
..#.#.#
#.#.#....#
.#.#.#
.$#.#....#
oop#.. {#T#{#
$ {#8#{# #$#.#
#.p.# #.#.#
#.#.# $ #.#.#
#.... $ .#
#.#.# .# ..
#.#.#


You could see a vault guard, an orc knight, a vault sentinel (catching breath)
and a deep troll earth mage (empowered).

Vanquished Creatures
  Sojobo (Vaults:2)
  Parghit (Depths:3)
  Vashnia (Snake:3)
  Geryon (Hell)
  3 golden dragons
  Jory (Depths:4)
  5 tentacled monstrosities
  A hellephant (Depths:1)
  2 walking crystal tomes
  Jorgrun (Elf:1)
  Rupert (Lair:5)
  2 liches
  2 quicksilver dragons
  4 titans
  A walking earthen tome (Depths:3)
  2 deep elf master archers (Elf:3)
  2 walking divine tomes (Depths:3)
  2 deep elf blademasters (Elf:3)
  Frances (Shoals:1)
  8 sphinxes
  7 tengu reavers
  5 shadow dragons
  A storm dragon (Depths:4)
  17 nagarajas
  4 deep elf sorcerers (Elf:3)
  9 fire giants
  2 iron dragons
  10 frost giants
  2 draconian knights (Depths:4)
  Aizul (Depths:1)
  5 vault wardens
  2 balrugs
  A caustic shrike zombie (Hell)
  4 deep elf elementalists (Elf:3)
  A draconian shifter (Depths:4)
  8 reapers
  19 very ugly things
  12 ironbound preservers
  5 war gargoyles
  An orc warlord (Vaults:4)
  11 stone giants
  9 ironbound thunderhulks
  7 dire elephants
  2 green draconians (Depths:4)
  3 vampire knights
  The ghost of themarg the Martial Artist, a journeyman GnTm of Ashenzari (Lair:3)
  7 deep elf demonologists (Elf:3)
  A white draconian (Depths:4)
  7 deep elf annihilators
  A purple draconian (Depths:4)
  11 spark wasps
  2 iron golems (Hell)
  3 blizzard demons (Depths:4)
  An ettin (shapeshifter) (Depths:3)
  7 yaktaur captains
  11 deep elf death magi (Elf:3)
  4 merfolk javelineers
  6 ettins
  3 crystal guardians
  14 fire dragons
  2 deep elf high priests
  A quicksilver dragon zombie (Hell)
  A mummy priest (Hell)
  5 merfolk impalers
  A rakshasa (Depths:3)
  4 great orbs of eyes
  2 entropy weavers
  9 vault guards
  8 ice dragons
  Harold (Lair:1)
  7 hydras
  2 catoblepae
  A salamander tyrant (Depths:3)
  4 peacekeepers
  5 ogre magi
  5 centaur warriors
  An alligator snapping turtle (Shoals:1)
  3 spriggan air magi
  2 boulder beetles (D:13)
  8 anacondas
  7 merfolk aquamancers
  6 merfolk avatars
  6 ironbound frosthearts
  29 dancing weapons
  9 deep troll shamans
  15 naga warriors
  A satyr (Shoals:2)
  15 deep troll earth magi
  24 two-headed ogres
  7 tengu warriors
  9 shock serpents
  21 hell knights
  A titan zombie (Hell)
  An orc high priest (Elf:3)
  Urug (D:13)
  7 spriggan berserkers
  The ghost of sirJeffrey23 the Eclecticist, a journeyman DECj of Zin (D:10)
  15 hell hogs
  3 vampire magi
  15 sun demons
  19 naga sharpshooters
  3 spriggans
  12 deep elf knights
  5 soul eaters
  5 skeletal warriors (D:14)
  4 salamander mystics
  2 sun moths (Shoals:4)
  6 sea snakes
  A spark wasp zombie (Hell)
  45 deep trolls
  8 naga ritualists
  3 anaconda zombies (Hell)
  A death drake (shapeshifter) (Depths:4)
  11 iron trolls
  A flayed ghost (Vaults:5)
  3 glowing orange brains
  A spriggan simulacrum (Hell)
  5 deep elf archers
  2 lindwurms
  A tengu zombie (Hell)
  3 orc knights
  2 shadow dragon zombies (Hell)
  Pikel (D:7)
  8 wizards
  9 mana vipers
  21 harpies
  20 deep elf pyromancers
  4 phantasmal warriors
  18 deep elf zephyrmancers
  13 ironbound convokers
  12 necromancers
  An orange crystal statue (IceCv)
  2 frost giant zombies (Hell)
  A fire giant zombie (Hell)
  A shadow dragon skeleton (Hell)
  2 oklob plants
  35 ugly things
  3 fauns (Shoals:2)
  2 stone giant zombies (Hell)
  A moth of wrath (shapeshifter) (Depths:4)
  3 centaur zombies (D:15)
  14 elephants
  A moth of wrath (D:10)
  5 cyclopes
  25 manticores
  A dire elephant zombie (Hell)
  11 salamanders
  33 black mambas
  15 naga magi
  6 rust devils (Depths:4)
  14 guardian serpents
  4 smoke demons
  8 merfolk sirens
  13 vault sentinels
  A centaur skeleton (D:15)
  4 molten gargoyles (Hell)
  6 torpor snails
  9 water nymphs
  2 orange demons (Lair:5)
  Psyche (D:8)
  13 cane toads
  2 gargoyles
  3 kobold demonologists (D:12)
  4 unseen horrors
  Maggie (D:7)
  2 rime drakes (Lair:5)
  11 yaktaurs
  11 komodo dragons
  6 tengu conjurers
  5 freezing wraiths
  An anaconda simulacrum (IceCv)
  2 komodo dragons (shapeshifter)
  5 trolls
  A golden dragon simulacrum (IceCv)
  2 hydra zombies (Hell)
  4 red devils
  31 merfolk
  A sea snake skeleton (Hell)
  5 polar bears
  4 hornets
  A tarantella (shapeshifter) (Vaults:5)
  A troll (shapeshifter) (D:15)
  A hydra skeleton (Hell)
  7 wind drakes
  Prince Ribbit (D:7)
  8 snapping turtles
  10 dream sheep (Lair:3)
  20 blink frogs
  17 slime creatures
  2 alligator zombies (Hell)
  4 wyverns
  Sigmund (D:5)
  24 water elementals
  2 air elementals
  2 centaur simulacra (D:15)
  2 dire elephant simulacra
  2 shadows
  An alligator skeleton (Hell)
  3 wraiths
  A yak (shapeshifter) (Depths:2)
  A fire elemental (Elf:1)
  33 yaks
  A hog (shapeshifter) (D:14)
  3 steam dragons
  4 basilisks
  3 vampire mosquitoes (D:12)
  A golden eye (Slime:1)
  3 redbacks (Vaults:4)
  Menkaure (D:5)
  48 nagas
  Edmund (D:5)
  3 wargs
  A naga zombie (Hell)
  2 human zombies (Hell)
  A glowing shapeshifter zombie (Hell)
  3 harpy simulacra (IceCv)
  3 acid dragons
  20 water moccasins
  12 hell hounds
  A hydra simulacrum (IceCv)
  A floating eye (Depths:1)
  3 ice beasts
  21 orc warriors
  A wolf (Lair:5)
  24 ogres
  3 boggarts (Vaults:3)
  11 centaurs
  A phantom (D:3)
  7 kobold brigands
  9 bullfrogs
  A necrophage (D:4)
  5 earth elementals
  A scorpion (D:5)
  A lindwurm simulacrum (IceCv)
  2 electric eels
  14 howler monkeys
  3 hounds
  A gnoll bouda (D:9)
  17 orc priests
  3 jellies
  6 hell rats (Depths:4)
  6 iguanas
  11 orc wizards
  12 adders
  6 gnolls
  A shadow imp (D:8)
  A white imp (D:6)
  4 worms
  5 dart slugs
  54 orcs
  5 endoplasms
  5 giant cockroaches
  9 goblins
  11 hobgoblins
  13 jackals
  3 quokkas
  9 ball pythons
  7 bats
  5 frilled lizards
  19 kobolds
  10 rats
  A bush (Lair:3)
  3 butterflies (Lair:1)
1711 creatures vanquished.

Vanquished Creatures (others)
  A storm dragon (Depths:1)
  A fire giant (Depths:1)
  A yaktaur captain (Vaults:5)
  A merfolk siren (Shoals:4)
  39 fungi
  70 plants
113 creatures vanquished.

Grand Total: 1824 creatures vanquished

Notes
Turn   | Place    | Note
-------+----------+-------------------------------------------
     0 | D:1      | spardeous the Felid Earth Elementalist began the quest for
                  | the Orb.
     0 | D:1      | Reached XP level 1. HP: 7/7 MP: 4/4
   283 | D:1      | Reached XP level 2. HP: 11/11 MP: 3/6
   336 | D:1      | You fall into a shaft and drop 1 floor!
   510 | D:1      | Reached XP level 3. HP: 14/14 MP: 1/7
  1250 | D:2      | Reached XP level 4. HP: 18/18 MP: 4/8
  1836 | D:2      | Reached skill level 5 in Earth Magic
  2329 | D:3      | Reached XP level 5. HP: 21/21 MP: 7/9
  2428 | D:3      | Learned a level 3 spell: Stone Arrow
  2438 | D:3      | Noticed a phantom
  2529 | D:3      | Killed a phantom
  2829 | D:3      | Found an opulent altar of Gozag.
  2835 | D:3      | Became a worshipper of Gozag Ym Sagoz the Greedy
  3309 | D:4      | Noticed a steam dragon
  3460 | D:4      | Found Itweil's Self-Improvement Boutique.
  3584 | D:4      | Reached skill level 3 in Dodging
  3584 | D:4      | Gained mutation: You are covered in thick fur. (AC +2)
                  | [Felid growth]
  3584 | D:4      | Reached XP level 6. HP: 24/24 MP: 8/10
  3735 | D:4      | Found a sparkling altar of Nemelex Xobeh.
  3742 | D:4      | Reached skill level 4 in Dodging
  3870 | D:4      | Killed a steam dragon
  3871 | D:4      | Reached skill level 6 in Dodging
  4108 | D:5      | Entered Level 5 of the Dungeon
  4108 | D:5      | Noticed Edmund
  4116 | D:5      | Noticed a water moccasin
  4248 | D:5      | Noticed Menkaure
  4324 | D:5      | Reached XP level 7. HP: 27/27 MP: 9/11
  4329 | D:5      | Found a staircase to the Ecumenical Temple.
  4620 | D:5      | Noticed Sigmund
  4862 | D:5      | Killed Edmund
  4982 | D:5      | Slain by a centaur
  4983 | D:5      | Reached XP level 6. HP: -2/24 MP: 10/10
  5152 | D:5      | Reached XP level 7. HP: 10/27 MP: 9/11
  5400 | D:5      | Killed Menkaure
  5414 | D:5      | Killed Sigmund
  5655 | D:6      | Found a broken altar of Ashenzari.
  5923 | Temple   | Entered the Ecumenical Temple
  6020 | D:6      | Reached XP level 8. HP: 30/31 MP: 10/12
  6405 | D:6      | Reached skill level 10 in Earth Magic
  6538 | D:6      | Noticed a two-headed ogre
  6611 | D:6      | Killed a two-headed ogre
  6612 | D:6      | Reached skill level 9 in Dodging
  6612 | D:6      | Reached XP level 9. HP: 34/34 MP: 11/13
  6978 | D:7      | Noticed Maggie
  6986 | D:6      | Learned a level 4 spell: Petrify
  6997 | D:7      | Killed Maggie
  7156 | D:7      | Noticed Joseph
  7267 | D:7      | Found a stormy altar of Qazlal.
  7339 | D:7      | Noticed Prince Ribbit
  7369 | D:7      | Killed Prince Ribbit
  7370 | D:7      | Reached skill level 5 in Spellcasting
  7498 | D:7      | Noticed Pikel
  7551 | D:7      | Killed Pikel
  7593 | D:7      | Found a shimmering altar of Xom.
  7594 | D:7      | Found a hazy altar of Hepliaklqana.
  7595 | D:7      | Noticed a spectral ugly thing
  7660 | D:7      | Found a shimmering blue altar of Sif Muna.
  8605 | D:8      | Noticed Psyche
  8613 | D:8      | Killed Psyche
  8882 | D:8      | Reached XP level 10. HP: 37/37 MP: 8/19
  8889 | D:8      | Reached skill level 5 in Conjurations
  9516 | D:9      | Found a transporter.
  9517 | D:9      | Found a transporter.
  9519 | D:9      | Found a transporter.
  9519 | D:9      | Found a transporter.
  9650 | D:9      | Found a staircase to the Lair.
 10355 | D:10     | Entered Level 10 of the Dungeon
 10619 | D:10     | Found a transporter.
 10628 | D:10     | Found a transporter.
 10633 | D:10     | Noticed a moth of wrath
 10634 | D:10     | Found a bloodstained altar of Trog.
 10634 | D:10     | Noticed a tengu warrior
 10635 | D:10     | Noticed sirJeffrey23's ghost (journeyman DECj)
 10729 | D:10     | Found a shadowy altar of Dithmenos.
 11023 | D:10     | Found a sacrificial altar of Ru.
 11320 | D:11     | Reached skill level 10 in Dodging
 11347 | D:11     | Noticed a gargoyle
 11352 | D:11     | Killed a gargoyle
 11398 | D:11     | Noticed a two-headed ogre
 11403 | D:11     | Killed a two-headed ogre
 11418 | D:11     | Reached XP level 11. HP: 40/40 MP: 5/20
 12066 | Lair:1   | Entered Level 1 of the Lair of Beasts
 12399 | Lair:1   | Reached skill level 10 in Conjurations
 12411 | Lair:1   | Reached skill level 1 in Fighting
 12504 | Lair:1   | Noticed a catoblepas
 12526 | Lair:1   | Killed a catoblepas
 12626 | Lair:1   | Reached skill level 5 in Fighting
 12660 | Lair:1   | Noticed Harold
 13569 | Lair:1   | Bought a scroll of identify for 58 gold pieces
 13569 | Lair:1   | Bought a scroll labelled KOEBRE FAVVUTA for 29 gold pieces
 13576 | Lair:1   | Gained mutation: You occasionally lose the ability to read
                  | scrolls when taking damage. [potion of mutation]
 13576 | Lair:1   | Gained mutation: You have a pair of small horns on your
                  | head. [potion of mutation]
 13577 | Lair:1   | Lost mutation: You have a pair of small horns on your head.
                  | [potion of mutation]
 13577 | Lair:1   | Lost mutation: You occasionally lose the ability to read
                  | scrolls when taking damage. [potion of mutation]
 13577 | Lair:1   | Gained mutation: Your magical capacity is low. (-10% MP)
                  | [potion of mutation]
 13577 | Lair:1   | Gained mutation: You are partially covered in large bone
                  | plates. (SH +4) [potion of mutation]
 13578 | Lair:1   | Lost mutation: Your magical capacity is low. (-10% MP)
                  | [potion of mutation]
 13578 | Lair:1   | Lost mutation: You are partially covered in large bone
                  | plates. (SH +4) [potion of mutation]
 13578 | Lair:1   | Gained mutation: You are robust. (+10% HP) [potion of
                  | mutation]
 13578 | Lair:1   | Gained mutation: You are very robust. (+20% HP) [potion of
                  | mutation]
 13578 | Lair:1   | Gained mutation: You have hidden genetic potential. [potion
                  | of mutation]
 13844 | Lair:1   | Killed Harold
 14027 | Lair:2   | Gained mutation: Your thick and shaggy fur keeps you warm.
                  | (AC +3, rC+) [Felid growth]
 14027 | Lair:2   | Reached XP level 12. HP: 62/62 MP: 17/23
 14230 | Lair:1   | Reached skill level 5 in Transmutations
 14741 | Lair:2   | Found a staircase to the Shoals.
 14806 | Lair:2   | Noticed a four-headed hydra
 14861 | Lair:2   | Killed a four-headed hydra
 15160 | Lair:2   | Found a staircase to the Snake Pit.
 15208 | Lair:2   | Gained mutation: Your natural rate of healing is unusually
                  | fast. [hidden potential]
 15708 | D:12     | Reached skill level 10 in Transmutations
 15717 | D:12     | Noticed a two-headed ogre
 15731 | D:12     | Killed a two-headed ogre
 15811 | D:12     | Noticed a two-headed ogre
 15829 | D:12     | Killed a two-headed ogre
 16118 | D:12     | Reached skill level 1 in Unarmed Combat
 16176 | D:12     | Identified the +7 halberd of Premature Burial {freeze, rC-
                  | Str+4 Int+3}
 16376 | D:12     | Reached XP level 13. HP: 69/69 MP: 15/24
 16542 | D:12     | Found a shimmering altar of Xom.
 16740 | D:12     | Found a staircase to the Orcish Mines.
 17148 | Lair:3   | Reached skill level 11 in Dodging
 17443 | Lair:3   | Reached skill level 12 in Dodging
 17458 | Lair:3   | Identified the +6 long sword of the Middle {speed, rElec
                  | rPois Will+}
 17831 | Lair:3   | Found a large runed translucent door.
 17831 | Lair:3   | Found a large runed translucent door.
 17834 | Lair:3   | Noticed themarg's ghost (journeyman GnTm)
 18495 | Lair:4   | Gained mutation: You have a pair of small antennae on your
                  | head. [hidden potential]
 18495 | Lair:4   | Lost mutation: You have hidden genetic potential. [hidden
                  | potential expressed]
 18499 | Lair:4   | Reached skill level 13 in Dodging
 18788 | Lair:4   | Reached skill level 14 in Dodging
 19841 | Lair:5   | Entered Level 5 of the Lair of Beasts
 20171 | Lair:5   | Found a burning altar of Makhleb.
 20271 | Lair:5   | Reached XP level 14. HP: 74/74 MP: 15/28
 20341 | Lair:5   | Found a gateway to Hell.
 20466 | Lair:5   | Noticed Rupert
 20504 | Lair:5   | Reached skill level 10 in Spellcasting
 20525 | Lair:5   | Learned a level 6 spell: Iron Shot
 20681 | Lair:5   | Found a viscous altar of Jiyva.
 20681 | Lair:5   | Found a staircase to the Slime Pits.
 20909 | Lair:5   | Reached skill level 5 in Unarmed Combat
 21681 | Lair:5   | Paralysed by Rupert for 5 turns
 21723 | Lair:5   | Paralysed by Rupert for 4 turns
 21772 | Lair:5   | Killed Rupert
 21987 | Lair:1   | Bought a book of the Dragon for 644 gold pieces
 21999 | Lair:1   | Learned a level 7 spell: Dragon Form
 22003 | Lair:1   | Learned a level 3 spell: Frozen Ramparts
 22099 | Orc:1    | Entered Level 1 of the Orcish Mines
 22355 | Orc:2    | Entered Level 2 of the Orcish Mines
 22361 | Orc:2    | Reached skill level 1 in Ice Magic
 22487 | Orc:2    | Found a staircase to the Elven Halls.
 22803 | Orc:1    | Found Eluggextu's Weapon Shoppe.
 23217 | Orc:2    | Found Aschaymm's Distillery.
 23217 | Orc:2    | Found Vepleo's Jewellery Emporium.
 23218 | Orc:2    | Found Xits's Antique Weapon Shoppe.
 23218 | Orc:2    | Found Mafee's Armour Boutique.
 23871 | Orc:2    | Bought a potion of flight for 42 gold pieces
 24020 | Lair:1   | Bought the amulet of Vitality {RegenMP++ Regen++} for 1600
                  | gold pieces
 24020 | Lair:1   | Found the amulet of Vitality {RegenMP++ Regen++}
 24164 | Elf:1    | Entered Level 1 of the Elven Halls
 24421 | Elf:1    | Noticed Jorgrun
 24453 | Elf:1    | Killed Jorgrun
 24454 | Elf:1    | Reached XP level 15. HP: 47/79 MP: 22/30
 24713 | Elf:1    | Got the Grimoire of Forces
 24811 | Elf:1    | Reached skill level 15 in Transmutations
 25359 | Elf:2    | Paralysed by an air elemental for 1 turns
 25608 | Elf:2    | Found a runed translucent gate.
 25608 | Elf:2    | Found a runed translucent gate.
 25609 | Elf:2    | Found a runed translucent gate.
 26519 | Elf:2    | Reached skill level 10 in Fighting
 26915 | Elf:3    | Entered Level 3 of the Elven Halls
 27071 | Elf:3    | Noticed a deep elf sorcerer
 27081 | Elf:3    | Killed a deep elf sorcerer
 27103 | Elf:3    | Found Ziram's Armour Shoppe.
 27356 | Elf:3    | Noticed a deep elf sorcerer
 27373 | Elf:3    | Killed a deep elf sorcerer
 27630 | Elf:3    | Noticed a deep elf sorcerer
 27642 | Elf:3    | Killed a deep elf sorcerer
 27643 | Elf:3    | Reached skill level 10 in Unarmed Combat
 27643 | Elf:3    | Reached XP level 16. HP: 88/88 MP: 29/31
 27790 | Elf:3    | Identified the +8 dagger of Disaster {venom, Fly rN+}
 27804 | Elf:3    | Identified the ring of the Mutiny {rElec Str+6 SInv}
 28017 | Elf:3    | Noticed a Hell Sentinel
 28029 | Elf:3    | Noticed a Tzitzimitl
 28416 | Elf:3    | Identified the +8 battleaxe "Cimicoca" {protect, Fly Dex+2
                  | Stlth+}
 28668 | Elf:3    | Noticed a deep elf blademaster
 28677 | Elf:3    | Killed a deep elf blademaster
 28911 | Elf:3    | Noticed a deep elf blademaster
 28932 | Elf:3    | Killed a deep elf blademaster
 29075 | Elf:3    | Noticed a Brimstone Fiend
 29200 | Elf:3    | Noticed a deep elf master archer
 29294 | Elf:3    | Paralysed by an air elemental for 1 turns
 29297 | Elf:3    | Paralysed by an air elemental for 1 turns
 29301 | Elf:3    | Paralysed by an air elemental for 1 turns
 30171 | Elf:3    | Identified the +8 long sword "Nikounk" {pain, rN+ Str-3
                  | Dex+3}
 30573 | Elf:3    | Noticed a deep elf master archer
 30713 | Elf:3    | Killed a deep elf master archer
 31135 | Elf:3    | Got the Grimoire of Graupel and the Crypt
 31139 | Elf:3    | Got Sif Muna's Treatise on the Mercurial Excursion
 31345 | Elf:3    | HP: 5/135 [deep elf master archer/arrow (18)]
 31346 | Elf:3    | Shot with an arrow by a deep elf master archer
 31347 | Elf:3    | Reached XP level 15. HP: -9/126 MP: 30/30
 31452 | Elf:3    | Killed a deep elf master archer
 31696 | Orc:2    | Learned a level 3 spell: Swiftness
 31871 | Snake:1  | Entered Level 1 of the Snake Pit
 32114 | Snake:1  | Found Goujuqeh's Antique Weapon Shop.
 32495 | Snake:1  | Reached XP level 16. HP: 90/90 MP: 31/31
 33233 | Snake:2  | Reached skill level 15 in Dodging
 33505 | Snake:2  | Reached skill level 16 in Dodging
 33665 | Snake:2  | Found a runed translucent door.
 34120 | Snake:2  | Reached skill level 17 in Dodging
 34559 | Snake:3  | Reached skill level 18 in Dodging
 34914 | Snake:3  | Noticed Vashnia
 34978 | Snake:3  | HP: 3/135 [Vashnia/bolt (31)]
 35035 | Snake:3  | Identified a scroll of acquirement
 35036 | Snake:3  | Acquired a book of Sloth
 35113 | Snake:3  | Found Keygisuf's Assorted Antiques.
 35116 | Snake:3  | Found Jesaenog's General Store.
 35116 | Snake:3  | Found Taghaug's Book Shop.
 35123 | Snake:3  | Found Zatuuz Sule's Distillery.
 35136 | Snake:3  | Bought a potion of heal wounds for 80 gold pieces
 35136 | Snake:3  | Bought a potion of haste for 160 gold pieces
 35405 | Snake:3  | Killed Vashnia
 35539 | Snake:3  | Reached skill level 19 in Dodging
 35726 | Snake:4  | Entered Level 4 of the Snake Pit
 36274 | Snake:4  | Reached XP level 17. HP: 90/90 MP: 30/32
 36375 | Snake:4  | Reached skill level 20 in Dodging
 36943 | Snake:4  | Reached skill level 21 in Dodging
 37383 | Snake:4  | Reached skill level 22 in Dodging
 37473 | Snake:4  | Got a serpentine rune of Zot
 37690 | Snake:1  | Learned a level 6 spell: Statue Form
 37780 | Shoals:1 | Entered Level 1 of the Shoals
 37849 | Shoals:1 | Found a frozen archway.
 37857 | IceCv    | Entered an ice cave
 37865 | IceCv    | Mangled by a seven-headed hydra simulacrum
 37866 | IceCv    | Reached XP level 16. HP: -13/136 MP: 18/31
 37866 | IceCv    | Found a transporter.
 37874 | IceCv    | Found a transporter.
 37884 | IceCv    | HP: 1/118 [white very ugly thing (49)]
 38318 | Shoals:1 | Noticed Frances
 38336 | Shoals:1 | Killed Frances
 39049 | Shoals:2 | Reached XP level 17. HP: 98/98 MP: 32/32
 39213 | Shoals:2 | Found Haiv's Visitors' Centre.
 39217 | Shoals:2 | Found Haiv's Merfolk Weapons.
 39220 | Shoals:2 | Found Haiv's Merfolk Armours.
 40099 | Shoals:3 | Noticed a titan
 40261 | Shoals:3 | Killed a titan
 40296 | Shoals:3 | Identified the ring "Ehiy" {Wiz rF- Str+3 SInv}
 40539 | Shoals:4 | Entered Level 4 of the Shoals
 41371 | Shoals:4 | Got the Discourse on Shifting Concussion
 41526 | Shoals:4 | Got a barnacled rune of Zot
 41676 | Lair:1   | Bought a potion of heal wounds for 75 gold pieces
 41676 | Lair:1   | Bought a potion of haste for 150 gold pieces
 41676 | Lair:1   | Bought a potion of resistance for 150 gold pieces
 41738 | D:10     | Killed sirJeffrey23's ghost
 41879 | Lair:3   | Killed themarg's ghost
 42101 | D:13     | Noticed Urug
 42107 | D:13     | Killed Urug
 42557 | D:13     | Reached XP level 18. HP: 40/104 MP: 30/33
 42617 | D:13     | Found a gate to the Vaults.
 42786 | D:14     | Reached skill level 15 in Unarmed Combat
 43374 | D:15     | Entered Level 15 of the Dungeon
 43625 | D:15     | Found Hianuh's Distillery.
 43634 | D:15     | Bought a potion of heal wounds for 90 gold pieces
 43904 | D:15     | Found a staircase to the Depths.
 44148 | Depths:1 | Entered Level 1 of the Depths
 44209 | Depths:1 | You are sucked into a shaft and drop 1 floor!
 44237 | Depths:2 | Found a one-way gateway to a ziggurat.
 44441 | Depths:1 | Found a one-way gate to the infinite horrors of the Abyss.
 44895 | Depths:1 | Noticed a hellephant
 44925 | Depths:1 | Killed a hellephant
 45076 | Depths:1 | Reached XP level 19. HP: 109/109 MP: 28/34
 45143 | Depths:1 | Reached skill level 15 in Earth Magic
 45165 | Depths:1 | Noticed a golden dragon
 45445 | Depths:1 | Noticed Aizul
 45464 | Depths:1 | Killed Aizul
 45639 | Depths:1 | Killed a golden dragon
 46002 | Depths:2 | Noticed a golden dragon
 46011 | Depths:2 | Killed a golden dragon
 46148 | Depths:2 | Noticed a golden dragon
 46160 | Depths:2 | Killed a golden dragon
 46497 | Depths:2 | Found a one-way gate leading to the halls of Pandemonium.
 47055 | Depths:1 | Upgraded the game from 0.30-a0-585-g93115170b9 to
                  | 0.30-a0-586-g23e55c9e0a
 47695 | Depths:3 | Reached XP level 20. HP: 114/114 MP: 35/35
 47761 | Depths:3 | Noticed Parghit
 47774 | Depths:3 | Killed Parghit
 47908 | Depths:3 | Reached skill level 23 in Dodging
 48536 | Depths:3 | Reached skill level 24 in Dodging
 48551 | Depths:3 | Identified the +5 spear "Qeivvyl" {pain, Contam rC+++ Str+2
                  | Int-3}
 48676 | Depths:3 | Found a snail-covered altar of Cheibriados.
 49645 | Depths:4 | Entered Level 4 of the Depths
 49668 | Depths:4 | Reached skill level 25 in Dodging
 50341 | D:13     | Identified the +5 chain mail of Ignis's Whim {Rampage rC+++
                  | Will- Str-4}
 50344 | Vaults:1 | Entered Level 1 of the Vaults
 50680 | Vaults:1 | Found a flickering gateway to a bazaar.
 50796 | Bazaar   | Entered a bazaar
 50796 | Bazaar   | Found Yseeser's Book Shoppe.
 50806 | Bazaar   | Found Yclar's Antique Armour Boutique.
 50817 | Bazaar   | Found Piasowni's Magic Scroll Emporium.
 50825 | Bazaar   | Found Moddeixo's General Store.
 50836 | Bazaar   | Found Zezxirev's Antique Weapon Boutique.
 50873 | Bazaar   | Bought a potion of curing for 36 gold pieces
 50873 | Bazaar   | Bought 2 potions of curing for 72 gold pieces
 50883 | Bazaar   | Bought a scroll of blinking for 67 gold pieces
 50883 | Bazaar   | Bought a scroll of teleportation for 27 gold pieces
 50887 | Bazaar   | Bought a scroll of magic mapping for 67 gold pieces
 50929 | Bazaar   | Learned a level 5 spell: Iskenderun's Battlesphere
 51876 | Vaults:2 | Reached skill level 26 in Dodging
 52103 | Vaults:2 | Noticed Sojobo
 52117 | Vaults:2 | Demolished by Sojobo
 52118 | Vaults:2 | Reached XP level 19. HP: -14/108 MP: 34/34
 52294 | Vaults:2 | Reached XP level 20. HP: 114/114 MP: 35/35
 52306 | Vaults:2 | Killed Sojobo
 52401 | Vaults:2 | Found the +10 Black Knight's barding {ponderous, rPois rN+}
 52648 | Vaults:2 | Reached skill level 27 in Dodging
 52659 | Vaults:2 | Identified the +10 halberd "Keolois" {freeze, rElec rPois
                  | rF+++ Dex-5}
 52941 | Vaults:2 | Identified the +5 morningstar of the Enchanted Forest
                  | {elec, *Slow rElec Int+5}
 53477 | Vaults:3 | Reached skill level 15 in Fighting
 54000 | Vaults:3 | Found a transporter.
 54000 | Vaults:3 | Found a transporter.
 54013 | Vaults:3 | Found a transporter.
 54030 | Vaults:3 | Found a transporter.
 54048 | Vaults:3 | Found a transporter.
 54362 | Vaults:3 | Found a staircase to the Crypt.
 54362 | Vaults:3 | Found an ancient bone altar of Kikubaaqudgha.
 54363 | Vaults:3 | Found a basalt altar of Yredelemnul.
 54570 | Vaults:3 | Identified the +3 demon blade "Muselijo" {pain, *Rage rElec
                  | rC- rN+++ Int+3}
 54886 | Vaults:4 | Found Onigig's Distillery.
 54894 | Vaults:4 | Bought a potion of heal wounds for 95 gold pieces
 56527 | Depths:4 | Noticed Jory
 56537 | Depths:4 | Killed Jory
 57153 | Depths:4 | Found Cecommia's General Store.
 57155 | Depths:4 | Found Bomuinax's Antique Weapon Boutique.
 57157 | Depths:4 | Found Luabiz's Magic Scroll Shop.
 57875 | Depths:4 | Found a gate to the Realm of Zot.
 58173 | Lair:1   | Bought the ring of Ugyink {Fly rElec rF- rCorr Dex+2} for
                  | 514 gold pieces
 58266 | Slime:1  | Entered Level 1 of the Pits of Slime
 59072 | Hell     | Entered the Vestibule of Hell
 59072 | Hell     | Noticed Geryon
 59211 | Depths:4 | Reached skill level 5 in Stealth
 59211 | Depths:4 | Reached XP level 21. HP: 123/123 MP: 36/36
 60960 | Hell     | HP: 3/159 [reaper/+2 heavy scythe (42)]
 61157 | Hell     | Mangled by a reaper
 61158 | Hell     | Reached XP level 20. HP: -11/153 MP: 32/35
 61271 | Hell     | Found a gateway to the decaying netherworld of Tartarus.
 61313 | Hell     | Killed Geryon
 61439 | Hell     | Found a gateway to the Iron City of Dis.
 61503 | Hell     | Slain by an iron golem
 61504 | Hell     | Reached XP level 19. HP: 0/148 MP: 34/34
 61701 | Hell     | Found a gateway to the freezing wastes of Cocytus.
 61812 | Hell     | Found a gateway to the ashen valley of Gehenna.
 62653 | Vaults:5 | Entered Level 5 of the Vaults
 62676 | Vaults:5 | Noticed a golden dragon
 62682 | Vaults:5 | Identified the +3 great sword "Hithulij" {flame, Fragile
                  | rN+ Str+7}
 62684 | Vaults:5 | Identified the amulet "Eklyla" {Spirit Drain Dex+2 Stlth+}
 62862 | Vaults:5 | HP: 5/148 [deep troll earth mage/blast of metal fragments
                  | (51)]
 62866 | Vaults:5 | HP: 2/148 [deep troll earth mage/blast of metal fragments
                  | (34)]
 62869 | Vaults:5 | Killed from afar by a deep troll earth mage

Illustrated notes

Levels and vault maps discovered:
D:1:      saegor_arrival_fortress, layout_rooms, minmay_pentomino_t4
D:2:      layout_loops_ring, roderic_serpentine_path, minmay_parallelograms,
          st_stairs_11, minmay_mini_jars
D:3:      layout_rooms, mainiacjoe_overflow_six_doors_small, chequers_big_river
D:4:      layout_loops_ring, mainiacjoe_overflow_small_starburst,
          nicolae_shop_self_help
D:5:      layout_basic, temple_pool_b, uniq_menkaure, uniq_sigmund, uniq_edmund
D:6:      layout_basic, mainiacjoe_overflow_catwalk, minmay_misc_feat_columns,
          kennysheep_generic_room_8
D:7:      layout_rooms, mainiacjoe_overflow_two_lobes,
          regret_index_temple_of_mockery, uniq_joseph, uniq_maggie, uniq_pikel,
          uniq_prince_ribbit1
D:8:      layout_loops_corners, uniq_psyche
D:9:      layout_small_grid, lair_entry_dummy, dreamdust_deal_with_the_devil,
          nicolae_diode_quadrants
D:10:     layout_loops_cross, general_overflow_altar,
          nicolae_dithmenos_shadow_blocks, gammafunk_ghost_wrathful_warriors
D:11:     layout_cave_pools
D:12:     layout_rooms, erik_orc_2, tgw_xom
D:13:     layout_basic, david_vaults_4, hangedman_abyss_or_decor_slice,
          uniq_urug
D:14:     layout_basic, chequers_serial_rivers_room_b
D:15:     grunt_enter_depths_hoard, layout_long_grid, serial_shops,
          nicolae_shop_temple_entry_statues_fountains, hangedman_weighted_door
Temple:   cyrus_circular_temple
Lair:1:   layout_regular_city, chequers_serial_rivers_room_b,
          lemuel_fruit_fields, lemuel_fruit_fields, lemuel_fruit_fields,
          uniq_harold
Lair:2:   layout_misc_corridors, elwin_shoals_entry_stream,
          minmay_snake_entry_guardpost_medium, grunt_megastairs_3
Lair:3:   layout_concentric_octagons, ebering_ghost_disaster_area,
          eino_small_chamber_without_monster, minmay_lair_oklob_bushes,
          grunt_megastairs_5, lemuel_fruit_tree
Lair:4:   layout_regular_city
Lair:5:   evil_forest, layout_gridlike, minmay_slime_entry_pillars, uniq_rupert
Shoals:1: layout_shoals, portal_ice_cave_entry_dragon, uniq_frances
Shoals:2: nicolae_shoals_mermall, layout_shoals, centaur_isle
Shoals:3: cheibrodos_shoals_gigantism, layout_shoals
Shoals:4: shoals_end_simple, layout_shoals, nicolae_shoals_bring_sunscreen
Snake:1:  layout_layer_cave, serial_shops, shop
Snake:2:  layout_onion_interference, nicolae_snake_gridmaze_spiral,
          serial_bayou_pond_e, lightli_airlock
Snake:3:  layout_grid_maze, nrook_guardian_serpent_ordinary, minmay_shoptagon,
          serial_bayou_shore_a, uniq_vashnia
Snake:4:  grunt_snake_rune_spirals, layout_onion
Slime:1:  layout_caves, basic_altar
Orc:1:    layout_caves, serial_shops, shop_statue
Orc:2:    st_orc_ogre_mass, layout_diamond_mine
Elf:1:    minmay_elf_arrival_circle, layout_loops_ring, minmay_elf_annihilation,
          uniq_jorgrun
Elf:2:    nicolae_elf_blades_splatter_lattice [nooodl_blade_entry_preview],
          layout_geoelf_diagonals
Elf:3:    grunt_elf_hall_spiral, layout_geoelf_octagon, serial_shops,
          nicolae_shop_trees
Vaults:1: hangedman_vaults_river_flow, nicolae_vaults_shelves_hall, v_misc_23,
          v_misc_18, vaults_room_stairs_pillars, v_rooms_4, v_misc_19,
          vaults_room_pools, v_alt_pattern_1, vaults_dpeg_cross,
          vaults_room_door_ring, v_misc_17, nicolae_vaults_little_squares_4,
          layout_vaults_big_room, serial_shops, bzr_entry_safe
Vaults:2: vaults_mumra_hexcomb, hangedman_vaults_pinch,
          hangedman_vaults_stretched_pinwheel, ontoclasm_vaults_twist, v_misc_1,
          vaults_standard_mumra_x, nicolae_vaults_network_square,
          vaults_room_grunt_arrival_ludios, ontoclasm_vaults_gateway,
          vaults_dpeg_spiral, st_spiral_rooms, v_misc_15,
          grunt_vaults_hallway_short, layout_vaults_maze_bifur, uniq_sojobo
Vaults:3: minmay_crypt_entry_necro_gods, gammafunk_the_bubble
          [the_bubble_gammafunk_roulette], vaults_dpeg_diagonal,
          grunt_vaults_hallway_long, ontoclasm_vaults_bender,
          vaults_dpeg_emergency_exit, layout_vaults_quadrants, uniq_margery
Vaults:4: vaults_standard_mumra_enter_the_diamond, hangedman_vaults_hat,
          hangedman_vaults_nodes, vaults_room_semicircle, v_misc_23,
          vaults_room_corners, hangedman_vaults_slither, ontoclasm_vaults_fault,
          vaults_room_ringed_pool, grunt_vaults_hallway_short,
          hangedman_vaults_corner, layout_vaults_omnicross, serial_shops, shop
Vaults:5
Depths:1: layout_basic, special_room [special_room_mythical_zoo],
          hex_intersection, grunt_hell_horde, hangedman_abyss_entry_splay,
          minmay_evil_grid, uniq_aizul
Depths:2: evilmike_horseshoe, layout_basic, enter_ziggurat_b, pan_entry,
          hell_entry, infiniplex_staircase_diamond
Depths:3: pf_snail_temple, layout_basic, rand_demon_pan_entry_4,
          grunt_hell_entry_dis_old, abyss_entry, kennysheep_pointless_box,
          uniq_parghit
Depths:4: grunt_zot_entry_bicorn, layout_twisted_cross, hell_entry,
          dk_noncrumbling_3, minmay_statues_item, minmay_shop_star, uniq_jory
Hell

Skill      XL: |  1  2  3  4  5  6  7  8  9 10 11 12 13 14 15 16 17 18 19 20 21 |
---------------+----------------------------------------------------------------+-----
Earth Magic    | 3 4 5 6 9 10 14 17 | 17.6
Dodging        | 3 6 9 10 14 19 22 27 | 27.0
Spellcasting   | 5 6 9 10 | 10.9
Conjurations   | 4 8 10 | 10.1
Fighting       | 6 7 10 13 14 16 | 16.7
Transmutations | 3 10 14 18 17 | 18.1
Unarmed Combat | 1 2 6 10 11 14 15 19 17 | 19.2
Stealth        | 3 5 |  5.1
Ice Magic      | 3 |  3.1
Evocations     | |  0.9

Action                   |  1- 3 |  4- 6 |  7- 9 | 10-12 | 13-15 | 16-18 | 19-21 || total
-------------------------+-------+-------+-------+-------+-------+-------+-------++-------
Melee: Unarmed           |     3 |     6 |       |     4 |   460 |  1690 |  1863 ||  4026
       Bite              |       |     1 |       |       |    92 |   296 |   431 ||   820
       Punch             |       |       |       |       |    32 |   185 |   302 ||   519
       Tailslap          |       |       |       |       |    55 |   302 |   211 ||   568
 Cast: Sandblast         |    64 |    97 |   136 |   118 |   157 |     2 |       ||   574
       Stone Arrow       |       |       |    26 |   333 |   452 |   132 |     6 ||   949
       Petrify           |       |       |       |    13 |     4 |       |       ||    17
       Dragon Form       |       |       |       |       |    59 |   279 |   155 ||   493
       Frozen Ramparts   |       |       |       |       |     1 |     8 |    66 ||    75
       Statue Form       |       |       |       |       |       |    19 |    94 ||   113
       Iron Shot         |       |       |       |       |       |    11 |    76 ||    87
       Swiftness         |       |       |       |       |       |     3 |     4 ||     7
       Iskenderun's Batt |       |       |       |       |       |       |     3 ||     3
Invok: Call Merchant     |       |       |       |     2 |     3 |     2 |     4 ||    11
       Potion Petition   |       |       |       |       |       |     2 |     4 ||     6
 Abil: Breathe Fire      |       |       |       |       |     4 |     9 |     5 ||    18
       End Transformatio |       |       |       |       |     3 |    27 |    20 ||    50
Evoke: Wand              |       |       |       |       |       |     1 |       ||     1
       Tin of tremorston |       |       |       |       |       |       |     2 ||     2
       Condenser vane    |       |       |       |       |       |       |     1 ||     1
  Use: Scroll            |       |       |       |    16 |    10 |    17 |    17 ||    60
       Potion            |       |       |       |     4 |     9 |    16 |    27 ||    56
 Stab: Distracted        |       |       |       |       |     4 |    19 |    13 ||    36
       Invisible         |       |       |       |       |     3 |       |       ||     3
       Sleeping          |       |       |       |       |       |     2 |     1 ||     3
       Confused          |       |       |       |       |       |       |     1 ||     1
Armor: Skin              |       |     2 |       |     4 |    71 |   337 |   787 ||  1201
Dodge: Dodged            |    19 |    43 |    67 |   153 |   654 |  2788 |  6726 || 10450

Table legend: (Time is in decaauts)
 A = Elapsed time spent in this place.
 B = Non-inter-level travel time spent in this place.
 C = Inter-level travel time spent in this place.
 D = Time resting spent in this place.
 E = Time spent auto-exploring this place.
 F = Levels seen in this place.
 G = Mean time per level.
                   A        B        C        D        E       F      G
               +--------+--------+--------+--------+--------+-----+--------+
         Total |  58641 |  51887 |   6754 |   6769 |  26289 |  47 | 1247.7 |
       Dungeon |  14737 |  12190 |   2547 |    741 |   8664 |  15 |  982.5 |
        Temple |     41 |     34 |      7 |      0 |     28 |   1 |   41.0 |
          Lair |   8203 |   7035 |   1168 |    707 |   4081 |   5 | 1640.6 |
        Shoals |   3693 |   3527 |    166 |    174 |   2071 |   4 |  923.2 |
     Snake Pit |   5508 |   5336 |    172 |    512 |   2898 |   4 | 1377.0 |
    Slime Pits |     26 |     26 |      0 |      0 |      0 |   1 |   26.0 |
  Orcish Mines |   1827 |   1496 |    331 |    133 |    860 |   2 |  913.5 |
   Elven Halls |   7036 |   6506 |    530 |   2256 |   1313 |   3 | 2345.3 |
        Vaults |   5955 |   4813 |   1142 |    192 |   2940 |   5 | 1191.0 |
        Depths |   9826 |   9153 |    673 |   2046 |   2758 |   4 | 2456.5 |
          Hell |   1424 |   1410 |     14 |      0 |    521 |   1 | 1424.0 |
        Bazaar |    119 |    119 |      0 |      0 |     40 |   1 |  119.0 |
      Ice Cave |    240 |    240 |      0 |      4 |    110 |   1 |  240.0 |
               +--------+--------+--------+--------+--------+-----+--------+

Top non-repeatable levels by time:
   Elf:3: 4384 daAuts
Depths:4: 3643 daAuts
Depths:3: 2845 daAuts
  Lair:1: 2293 daAuts
Depths:1: 1892 daAuts
  Lair:5: 1881 daAuts
   Elf:2: 1672 daAuts
 Snake:4: 1648 daAuts
Vaults:3: 1543 daAuts
Depths:2: 1446 daAuts
  Lair:3: 1433 daAuts
    Hell: 1424 daAuts
Vaults:1: 1421 daAuts
 Snake:1: 1414 daAuts
Vaults:2: 1410 daAuts
